 Dungeon Crawl Stone Soup version 0.29-a0-283-ga02f740833 (webtiles) character file.

Game seed: 15150836277005435424

31750 spiderkeys the Nimble (level 13, -2/68 HPs)
             Began as a Spriggan Abyssal Knight on Mar 14, 2022.
             Was the Champion of Lugonu.
             Slain by an entropy weaver simulacrum (7 damage)
             ... in an ice cave.
             The game lasted 00:52:28 (24519 turns).

spiderkeys the Nimble (Spriggan Abyssal Knight)    Turns: 24519, Time: 00:52:29

Health: -2/68      AC:  5    Str:  9    XL:     13   Next: 27%
Magic:  32/32      EV: 26    Int: 17    God:    Lugonu [******]
Gold:   1007       SH:  0    Dex: 17    Spells: 10/24 levels left

rFire   . . .      SeeInvis +   k - +7 dagger "Eckef" {flame, rElec rPois MP+9}
rCold   + . .      Faith    .   (no shield)
rNeg    . . .      Spirit   .   s - +1 robe of Yredelemnul's Reproof {Int+2 SInv Stlth+}
rPois   +          Reflect  .   (helmet restricted)
rElec   +          Harm     .   g - +1 cloak
rCorr   .          Rampage  .   (gloves unavailable)
Will    +++..                   (boots unavailable)
Stlth   ++++++....              (no amulet)
HPRegen 0.21/turn               Z - ring "Nepp" {Wiz rF+}
MPRegen 0.23/turn               C - ring of ice

@: very quick
A: very small, no large weapons, unfitting armour, see invisible, speed 3,
antennae 1, strong-willed 1
a: Renounce Religion, Depart the Abyss, Bend Space, Banish, Corrupt, Enter the
Abyss, Brand Weapon With Distortion


You were in an ice cave.
You worshipped Lugonu.
Lugonu was exalted by your worship.
You visited 2 branches of the dungeon, and saw 16 of its levels.
You visited the Abyss 1 time.
You also visited: Ice Cave.

You collected 1007 gold pieces.


Innate Abilities, Weirdness & Mutations

You are very small and have problems with some larger weapons.
You are too small for most types of armour.
You have supernaturally acute eyesight. (SInv)
You cover ground extremely quickly. (Speed+++)
You have a pair of small antennae on your head.
You are strong-willed. (Will+)


   Skills:
 + Level 7.8 Fighting
 - Level 8.0 Short Blades
 - Level 6.0 Slings
 + Level 13.5 Dodging
 + Level 12.9 Stealth
 - Level 6.2 Spellcasting
 * Level 5.2 Transmutations
 - Level 7.0 Poison Magic
 - Level 9.0 Invocations
 - Level 8.0 Evocations


You had 10 spell levels left.
You knew the following spells:

 Your Spells              Type           Power      Damage    Failure   Level
a - Alistair's Intoxicat  Tmut/Pois      17%        N/A       12%         5
m - Mephitic Cloud        Conj/Pois/Air  13%        N/A       6%          3
o - Olgreb's Toxic Radia  Pois           29%        N/A       2%          4
p - Poisonous Vapours     Pois/Air       34%        N/A       1%          2

Your spell library contained the following spells:

 Spells                   Type           Power      Damage    Failure   Level
 Sting                    Tmut/Pois      100%       1d8       1%          1
 Apportation              Tloc           10%        N/A       5%          1
 Magic Dart               Conj           20%        1d4       5%          1
 Pain                     Necr           20%        1d5       5%          1
 Shock                    Conj/Air       20%        1d4       5%          1
 Call Imp                 Summ           5%         N/A       8%          2
 Corpse Rot               Necr/Air       10%        N/A       8%          2
 Static Discharge         Conj/Air       5%         N/A       8%          2
 Summon Guardian Golem    Hex/Summ       5%         N/A       16%         3
 Swiftness                Air            5%         N/A       16%         3
 Airstrike                Air            2%         N/A       43%         4
 Cause Fear               Hex            2%         N/A       43%         4
 Dispel Undead            Necr           5%         3d7       43%         4
 Sticky Flame             Conj/Fire      5%         2d3       43%         4
 Agony                    Necr           5%         N/A       77%         5
 Excruciating Wounds      Necr           2%         N/A       77%         5
 Dragon Form              Tmut           11%        N/A       99%         7
 Orb of Destruction       Conj           2%         9d5       100%        7
 Spellforged Servitor     Conj/Summ      2%         N/A       100%        7
 Dragon's Call            Summ           2%         N/A       100%        9

Inventory:

Hand Weapons
 a - the +8 quick blade "Weskium" {vorpal, rC+ Dex+4, rare}
   (You acquired it on level 8 of the Dungeon)

   It inflicts extra damage upon your enemies.
   Dex:       It affects your dexterity (+4).
   rC:        It protects you from cold.
 b - a +2 hunting sling of flaming
   (You took it off Joseph on level 8 of the Dungeon)
 f - a +2 short sword of venom
 k - the +7 dagger "Eckef" (weapon) {flame, rElec rPois MP+9}
   (You found it on level 3 of the Dungeon)

   It burns those it strikes, dealing additional fire damage.
   rElec:     It insulates you from electricity.
   rPois:     It protects you from poison.
   MP:        It affects your magic capacity (+9).
Missiles
 d - 483 stones
 j - 17 boomerangs
 u - 34 poisoned darts
 I - 7 atropa-tipped darts
 P - a curare-tipped dart {=f}
Armour
 c - a +2 robe of willpower
   (You took it off Jessica on level 2 of the Dungeon)
 g - a +1 cloak (worn)
   (You found it on level 1 of the Dungeon)
 s - the +1 robe of Yredelemnul's Reproof (worn) {Int+2 SInv Stlth+}
   (You found it on level 6 of the Dungeon)

   Int:       It affects your intelligence (+2).
   SInv:      It lets you see invisible.
   Stlth:     It makes you more stealthy.
 v - +0 acid dragon scales
   (You found it on level 7 of the Dungeon)
 T - +0 steam dragon scales
   (You found it on level 8 of the Dungeon)
Magical Staves
 S - a staff of cold {!a}
   (You found it on level 9 of the Dungeon)
Jewellery
 C - a ring of ice (right hand)
   (You found it on level 1 of the Dungeon)
 F - a ring of fire
   (You found it on level 5 of the Dungeon)
 L - a ring of flight
   (You found it on level 1 of the Dungeon)
 R - a ring of resist corrosion
   (You found it on level 8 of the Dungeon)
 V - a ring of willpower
   (You found it on level 11 of the Dungeon)
 Z - the ring "Nepp" (left hand) {Wiz rF+}
   (You found it on level 11 of the Dungeon)

   [ring of wizardry]

   It improves your spell success rate.
   rF:        It protects you from fire.
Wands
 o - a wand of flame (7)
   (You found it on level 4 of the Dungeon)
 r - a wand of paralysis (6)
   (You found it on level 11 of the Dungeon)
 x - a wand of polymorph (2)
   (You found it on level 12 of the Dungeon)
 D - a wand of acid (8)
   (You found it on level 2 of the Lair of Beasts)
 W - a wand of iceblast (2)
   (You found it on level 10 of the Dungeon)
Scrolls
 n - 4 scrolls of teleportation {@r4}
 t - a scroll of fog
 w - 2 scrolls of immolation {!r!r}
 y - a scroll of identify {@r1}
 z - a scroll of blinking {!r}
 B - a scroll of torment {!r}
 E - 2 scrolls of enchant weapon
 G - a scroll of holy word
 H - a scroll of enchant armour
 K - 3 scrolls of fear
 M - 3 scrolls of vulnerability {!r!r}
Potions
 e - 2 potions of curing {@q1}
 h - a potion of heal wounds {unknown}
 i - 3 potions of mutation {!q}
 l - a potion of brilliance
 m - a potion of haste {unknown}
 p - a potion of invisibility
 q - 2 potions of cancellation
 A - a potion of magic {unknown}
 N - 2 potions of might
 O - 2 potions of degeneration {!q}
 X - a potion of attraction {!q}

Dungeon Overview and Level Annotations

Branches:
Dungeon (13/15)            Temple (0/1) D:5            Lair (3/6) D:10
    Orc (0/2) D:11          IceCv (1/1)
  Swamp: Lair:2-4    Shoals: Lair:2-4     Snake: Lair:2-4    Spider: Lair:2-4
 Vaults: D:13-14

Altars:
Cheibriados
Dithmenos
Elyvilon
Kikubaaqudgha
Makhleb
Okawaru
Qazlal
Ru
Sif Muna
Trog
Wu Jian
Xom
Yredelemnul
Zin

Shops:
D:2 =   D:3 [

Annotations:
Lair:2 2 transporters

#+#'#.#'#'### #⌠.#........
#.........'Z# +[4#........
#.8.8.8.8.########........
#..............#..........
+..............'.....⌠....
#..............#..........
#.8.8.8.8.########........
#.........'.# +!.#........
#+#+#.#+#@### #⌠4#........
#. {#Z# ####........ # ###
#......... ###.....##
#######


You could see an entropy weaver simulacrum.


Message History

You start resting. 😎 HP[+47]
Your hp is fully restored (68).
There is a fountain of sparkling water here.
There is an open door here.
You sense a monster nearby.
You sense a monster nearby.
No target in view!
You open the door.
An entropy weaver simulacrum comes into view.
You hit the entropy weaver simulacrum.
You melt the entropy weaver simulacrum.
You puncture the entropy weaver simulacrum!
You melt the entropy weaver simulacrum.
The entropy weaver simulacrum hits you!
The entropy weaver simulacrum freezes you!
You resist.
The entropy weaver simulacrum barely misses you. x2
The entropy weaver simulacrum hits you but does no damage. 😮 HP[-18]
You take 18 damage, and now have 50/68 hp.
MASSIVE DAMAGE!! (PAUSE)
You hit the entropy weaver simulacrum.
You melt the entropy weaver simulacrum.
The entropy weaver simulacrum hits you.
The entropy weaver simulacrum freezes you!
You resist.
The entropy weaver simulacrum completely misses you.
The entropy weaver simulacrum misses you.
The entropy weaver simulacrum completely misses you. 😮 HP[-15]
You take 15 damage, and now have 35/68 hp.
MASSIVE DAMAGE!! (PAUSE)
You completely miss the entropy weaver simulacrum.
You hit the entropy weaver simulacrum but do no damage.
The entropy weaver simulacrum hits you but does no damage.
The entropy weaver simulacrum hits you!
* * * LOW HITPOINT WARNING * * *
The entropy weaver simulacrum freezes you!
You resist.
* * * LOW HITPOINT WARNING * * *
The entropy weaver simulacrum closely misses you.
The entropy weaver simulacrum misses you. 😱 HP[-18]
You take 18 damage, and now have 17/68 hp.
MASSIVE DAMAGE!! (PAUSE) 😨 HP[+1]
There is an open door here.
Aiming: Throw Flame
Press: ? - help, Shift-Dir - straight line, f - entropy weaver simulacrum
Aim: an entropy weaver simulacrum (heavily damaged, 82% to hit)
The puff of flame hits the entropy weaver simulacrum.
Aiming: Throw Flame
Press: ? - help, Shift-Dir - straight line, f/p - entropy weaver simulacrum
Aim: an entropy weaver simulacrum (heavily damaged, 82% to hit)
The puff of flame hits the entropy weaver simulacrum but does no damage. 😨 HP[+1]
There is a fountain of sparkling water here. 😨 HP[+1]
Aiming: Throw Flame
Press: ? - help, Shift-Dir - straight line, f/p - entropy weaver simulacrum
Aim: an entropy weaver simulacrum (heavily damaged, 82% to hit)
The puff of flame hits the entropy weaver simulacrum!
The entropy weaver simulacrum melts!
Aiming: Throw Flame
Press: ? - help, Shift-Dir - straight line, f/p - entropy weaver simulacrum
Aim: an entropy weaver simulacrum (severely damaged, 82% to hit)
The puff of flame hits the entropy weaver simulacrum.
The entropy weaver simulacrum melts!
Aiming: Throw Flame
Press: ? - help, Shift-Dir - straight line, f/p - entropy weaver simulacrum
Aim: an entropy weaver simulacrum (almost destroyed, 82% to hit)
The puff of flame hits the entropy weaver simulacrum!
The entropy weaver simulacrum melts!
Lugonu accepts your kill.
You hear a sizzling sound!
You start resting. 😎 HP[+48]
Your hp is fully restored (68).
There is a fountain of sparkling water here.
An ice devil is nearby!
An ice devil is nearby!
An ice devil is nearby!
There is an open door here.
An anaconda simulacrum comes into view.
You open the door.
An entropy weaver simulacrum comes into view.
The entropy weaver simulacrum hits you!
The entropy weaver simulacrum freezes you!
You resist. The entropy weaver simulacrum hits you!
The entropy weaver simulacrum freezes you!
You resist.
* * * LOW HITPOINT WARNING * * *
The entropy weaver simulacrum hits you!
* * * LOW HITPOINT WARNING * * *
The entropy weaver simulacrum freezes you!
You resist.
* * * LOW HITPOINT WARNING * * *
The entropy weaver simulacrum hits you.
* * * LOW HITPOINT WARNING * * *
The entropy weaver simulacrum freezes you!
You resist.
You die...

Skill      XL: |  1  2  3  4  5  6  7  8  9 10 11 12 13 |
---------------+----------------------------------------+-----
Stealth        | 2 3 4 5 8 10 12 | 12.9
Dodging        | 4 5 6 7 9 11 13 | 13.5
Short Blades   | 3 4 5 6 7 8 |  8.0
Fighting       | 3 4 5 6 7 |  7.8
Invocations    | 3 5 8 9 |  9.0
Evocations     | 2 5 8 |  8.0
Slings         | 4 6 |  6.0
Spellcasting   | 1 6 |  6.2
Poison Magic   | 1 5 7 |  7.0
Transmutations | 1 5 |  5.2

Action                   |  1- 3 |  4- 6 |  7- 9 | 10-12 | 13-15 || total
-------------------------+-------+-------+-------+-------+-------++-------
Melee: Short sword       |   104 |    24 |       |       |       ||   128
       Dagger            |       |   106 |   394 |   109 |     9 ||   618
       Punch             |       |     2 |     4 |    14 |     2 ||    22
       Quick blade       |       |       |       |   657 |   152 ||   809
 Fire: Hunting sling     |       |       |       |    24 |       ||    24
Throw: Dart              |       |       |    12 |    35 |       ||    47
       Boomerang         |       |       |     7 |    16 |       ||    23
 Cast: Poisonous Vapours |       |       |       |    65 |       ||    65
       Olgreb's Toxic Ra |       |       |       |    19 |     5 ||    24
       Mephitic Cloud    |       |       |       |    11 |       ||    11
Invok: Bend Space        |       |       |       |     5 |     1 ||     6
       Banish            |       |       |       |     3 |       ||     3
Evoke: Wand              |       |       |     6 |    33 |    12 ||    51
  Use: Potion            |     3 |       |       |     3 |     1 ||     7
       Scroll            |     2 |     3 |     6 |     4 |     4 ||    19
 Stab: Sleeping          |     5 |     5 |     7 |    15 |    15 ||    47
       Distracted        |       |     1 |       |     7 |       ||     8
       Confused          |       |       |       |     9 |       ||     9
Armor: Robe              |    13 |    14 |    46 |    13 |    10 ||    96
Dodge: Dodged            |    65 |    65 |   352 |   390 |    92 ||   964

Levels and vault maps discovered:
D:1:      matt_arrival_refuge, layout_rooms, serial_corexii_hall,
          chequers_hall_statues_wall_a, chequers_hall_statues_wall_a,
          hangedman_abyss_or_decor_lesser_grid, minmay_pentomino_r4
D:2:      layout_loops_corners, serial_shops, shop_coins, uniq_terence,
          uniq_jessica
D:3:      layout_basic, general_overflow_altar, serial_shops, shop
D:4:      layout_loops_cross, nicolae_wu_jian_wuxing_cycle,
          hangedman_abyss_or_decor_passed, nicolae_wormholes
D:5:      layout_basic, makhleb_heckhound_becter, grunt_temple_overflow_open,
          minmay_temple_entry_arrows, minmay_liquid_box, minivault_14,
          minmay_misc_feat_diagonals, hangedman_abyss_or_decor_stabs
D:6:      layout_loops_ring, kennysheep_mini, mainiacjoe_overflow_cross_hatched,
          minmay_misc_feat_plants, uniq_grinder
D:7:      layout_basic, gammafunk_temple_overflow_wave
D:8:      layout_cave_pools, nicolae_overflow_crystal_walls,
          minmay_misc_feat_doors, uniq_joseph, uniq_psyche, uniq_grum
D:9:      layout_basic
D:10:     layout_cave_pools, amcnicky_altar_gilded,
          grunt_lair_entry_orc_guard_hut, grunt_decor_one_mirror,
          nicolae_lava_and_water, minivault_5
D:11:     minmay_chopped_fan, layout_cave_pools,
          kennysheep_orc_monster_closet_entryway, serial_rivers,
          chequers_serial_rivers_small_3, chequers_serial_rivers_room_b,
          chequers_serial_rivers_small_b, chequers_serial_rivers_micro_b,
          chequers_serial_rivers_room_b, chequers_serial_rivers_large_a,
          roderic_lattice_a, nrook_guardian_serpent_double, uniq_amaemon,
          uniq_snorg
D:12:     layout_stronghold, uniq_rupert
D:13:     layout_irregular_city, lightli_vaults_fourway_checkpoint, uniq_azrael,
          uniq_josephine
Lair:1:   layout_long_grid, serial_forest, infiniplex_forest_lined_room_2,
          infiniplex_forest_clump_double, infiniplex_forest_lined_2,
          infiniplex_forest_3_way, infiniplex_forest_end_2,
          infiniplex_forest_pool, infiniplex_forest_clump_tiny,
          infiniplex_forest_end_2, infiniplex_forest_clump_medium,
          lemuel_fruit_fields, infiniplex_staircase_pool
Lair:2:   gammafunk_worm_tunnel, layout_loops_ring,
          grunt_forest_large_clearing_hut, serial_bayou_shore_b,
          grunt_megastairs_3
Lair:3:   layout_small_grid, shoals_dummy_entry,
          hellmonk_spider_entry_life_and_decay, portal_ice_cave_rime,
          roderic_carrion_pond
IceCv:    ice_cave_tombish

Notes
Turn   | Place    | Note
-------+----------+-------------------------------------------
     0 | Abyss:1  | spiderkeys the Spriggan Abyssal Knight began the quest for
                  | the Orb.
     0 | Abyss:1  | Reached XP level 1. HP: 11/11 MP: 3/3
     0 | Abyss:1  | magus.rc [v1.11.3]
    56 | Abyss:1  | Found a corrupted altar of Lugonu.
   134 | D:1      | You pass through the gate.
   134 | D:1      | Escaped the Abyss
   198 | D:1      | HP: 1/11 [kobold/+0 club (4)]
   748 | D:1      | Reached skill level 1 in Stealth
  1062 | D:1      | You fall into a shaft and drop 1 floor!
  1062 | D:2      | Noticed Jessica
  1065 | D:2      | Gained mutation: You are strong-willed. (Will+) [potion of
                  | mutation]
  1065 | D:2      | Gained mutation: You have a pair of small antennae on your
                  | head. [potion of mutation]
  1065 | D:2      | Gained mutation: You tend to lose your temper in combat.
                  | [potion of mutation]
  1065 | D:2      | Lost mutation: You tend to lose your temper in combat.
                  | [potion of mutation]
  1071 | D:2      | Killed Jessica
  1072 | D:2      | Reached skill level 2 in Stealth
  1072 | D:2      | Reached XP level 2. HP: 6/16 MP: 4/4
  1072 | D:2      | Reached XP level 3. HP: 7/19 MP: 5/5
  1358 | D:2      | Found Umifruss's Jewellery Emporium.
  1450 | D:2      | Noticed Terence
  1568 | D:1      | Reached skill level 4 in Dodging
  1911 | D:1      | Reached *** piety under Lugonu
  2475 | D:2      | Reached skill level 3 in Short Blades
  2691 | D:2      | Reached XP level 4. HP: 14/23 MP: 6/6
  2959 | D:2      | Reached skill level 3 in Stealth
  2973 | D:2      | Reached skill level 3 in Fighting
  3347 | D:2      | Killed Terence
  3548 | D:3      | Found Loclatri's Antique Armour Emporium.
  3600 | D:3      | Identified the +7 dagger "Eckef" {flame, rElec rPois MP+9}
  3935 | D:3      | Found a shimmering blue altar of Sif Muna.
  4421 | D:3      | Reached XP level 5. HP: 28/28 MP: 7/7
  4564 | D:4      | Noticed an ogre
  4573 | D:4      | Killed an ogre
  4574 | D:4      | Reached skill level 4 in Stealth
  4585 | D:4      | Noticed a phantom
  4594 | D:4      | Killed a phantom
  4595 | D:4      | Reached skill level 5 in Dodging
  4595 | D:4      | Reached XP level 6. HP: 22/32 MP: 8/8
  4712 | D:4      | Reached skill level 4 in Short Blades
  4828 | D:4      | Reached skill level 5 in Stealth
  5472 | D:4      | Reached **** piety under Lugonu
  5473 | D:4      | Reached skill level 4 in Fighting
  5473 | D:4      | Reached skill level 6 in Dodging
  5473 | D:4      | Reached XP level 7. HP: 31/37 MP: 9/9
  5523 | D:4      | Found an ornate altar of the Wu Jian Council.
  5540 | D:4      | Reached skill level 2 in Invocations
  5689 | D:5      | Entered Level 5 of the Dungeon
  5689 | D:5      | Found a snail-covered altar of Cheibriados.
  5689 | D:5      | Found a basalt altar of Yredelemnul.
  5689 | D:5      | Found a sacrificial altar of Ru.
  5689 | D:5      | Found a glowing silver altar of Zin.
  5689 | D:5      | Found a bloodstained altar of Trog.
  5713 | D:5      | Reached skill level 1 in Evocations
  5800 | D:5      | Reached skill level 5 in Short Blades
  5978 | D:5      | Found a staircase to the Ecumenical Temple.
  6090 | D:5      | You pick up a book of Party Tricks and begin reading...
  6090 | D:5      | You add the spells Apportation and Alistair's Intoxication
                  | to your library.
  6217 | D:5      | Found a burning altar of Makhleb.
  6224 | D:5      | Reached skill level 3 in Invocations
  6224 | D:5      | Reached skill level 2 in Evocations
  6262 | D:5      | You pick up a book of Pain and begin reading...
  6262 | D:5      | You add the spells Pain, Agony and Excruciating Wounds to
                  | your library.
  6897 | D:6      | Identified the +1 robe of Yredelemnul's Reproof {Int+2 SInv
                  | Stlth+}
  6959 | D:6      | Found a white marble altar of Elyvilon.
  6999 | D:6      | Reached XP level 8. HP: 37/42 MP: 11/11
  7014 | D:6      | Reached skill level 4 in Invocations
  7014 | D:6      | Reached skill level 3 in Evocations
  7103 | D:6      | Noticed Grinder
  7189 | D:6      | Killed Grinder
  7416 | D:6      | Reached skill level 4 in Evocations
  7431 | D:6      | Reached skill level 5 in Invocations
  7460 | D:6      | Found an ancient bone altar of Kikubaaqudgha.
  7591 | D:6      | Reached skill level 6 in Short Blades
  7992 | D:7      | Reached skill level 5 in Fighting
  8272 | D:7      | Reached skill level 5 in Evocations
  8593 | D:7      | Found a shimmering altar of Xom.
  8593 | D:7      | Found a stormy altar of Qazlal.
  8688 | D:7      | Reached XP level 9. HP: 31/47 MP: 14/14
  8852 | D:7      | Reached skill level 6 in Invocations
  9487 | D:8      | Noticed Psyche
  9496 | D:8      | Killed Psyche
  9621 | D:8      | Noticed Grum
  9721 | D:8      | Noticed Joseph
  9803 | D:7      | Reached skill level 7 in Short Blades
  9896 | D:7      | Reached skill level 7 in Invocations
 10094 | D:8      | Reached ***** piety under Lugonu
 10095 | D:8      | Reached skill level 7 in Dodging
 11216 | D:8      | Reached skill level 6 in Fighting
 11317 | D:8      | Killed Joseph
 11318 | D:8      | Reached skill level 8 in Invocations
 11318 | D:8      | Reached XP level 10. HP: 29/53 MP: 17/17
 11468 | D:8      | HP: 13/53 [Grum/+1 halberd (14)]
 11470 | D:8      | Killed Grum
 12002 | D:8      | Reached skill level 8 in Dodging
 12210 | D:8      | Found an iron altar of Okawaru.
 12902 | D:8      | Identified a scroll of acquirement
 12903 | D:8      | Acquired the +8 quick blade "Weskium" {vorpal, rC+ Dex+4}
 12904 | D:8      | f - the +8 quick blade "Weskium" {vorpal, rC+ Dex+4, rare}
 12905 | D:8      | f - the +8 quick blade "Weskium" (weapon) {vorpal, rC+
                  | Dex+4, rare}
 12959 | D:8      | Noticed a two-headed ogre
 12984 | D:8      | Killed a two-headed ogre
 12985 | D:8      | Reached skill level 8 in Short Blades
 12985 | D:8      | Reached skill level 1 in Slings
 13114 | D:8      | Reached skill level 2 in Slings
 13313 | D:9      | Reached skill level 9 in Dodging
 13317 | D:9      | HP: 12/53 [killer bee (7)]
 13323 | D:9      | HP: 12/53 [killer bee (5)]
 13597 | D:9      | Reached skill level 6 in Stealth
 13597 | D:9      | Reached skill level 9 in Invocations
 13796 | D:9      | You pick up a book of Touch and begin reading...
 13796 | D:9      | You add the spells Static Discharge, Sticky Flame and
                  | Dispel Undead to your library.
 13823 | D:9      | Reached skill level 3 in Slings
 13920 | D:9      | Reached skill level 7 in Stealth
 14366 | D:9      | Reached skill level 8 in Stealth
 14367 | D:9      | You pick up a book of Dangerous Friends and begin
                  | reading...
 14367 | D:9      | You add the spells Summon Guardian Golem, Orb of
                  | Destruction and Spellforged Servitor to your library.
 14880 | D:10     | Entered Level 10 of the Dungeon
 14889 | D:10     | Noticed a two-headed ogre
 15000 | D:10     | Found a shadowy altar of Dithmenos.
 15038 | D:10     | Reached skill level 4 in Slings
 15093 | D:10     | You add the spells Sting, Poisonous Vapours and Olgreb's
                  | Toxic Radiance to your library.
 15097 | D:10     | Learned a level 2 spell: Poisonous Vapours
 15129 | D:10     | Killed a two-headed ogre
 15130 | D:10     | Reached skill level 1 in Spellcasting
 15141 | D:10     | Reached skill level 1 in Poison Magic
 15141 | D:10     | Reached XP level 11. HP: 43/56 MP: 16/18
 15198 | D:10     | Reached skill level 10 in Dodging
 15198 | D:10     | Reached skill level 2 in Spellcasting
 15200 | D:10     | Reached skill level 9 in Stealth
 15562 | D:10     | Reached skill level 2 in Poison Magic
 15629 | D:10     | Reached skill level 5 in Slings
 15865 | D:10     | You pick up a book of Party Tricks and begin reading...
 15874 | D:10     | You pick up a book of Vapours and begin reading...
 15909 | D:10     | Found a staircase to the Lair.
 15925 | D:10     | Reached skill level 3 in Spellcasting
 16150 | D:11     | Noticed Snorg
 16163 | D:11     | Killed Snorg
 16204 | D:11     | Noticed a deep troll
 16206 | D:11     | Reached skill level 3 in Poison Magic
 16233 | D:11     | Killed a deep troll
 16234 | D:11     | Reached skill level 10 in Stealth
 16234 | D:11     | HP: 7/56 [guardian serpent (17)]
 16494 | D:11     | Reached skill level 4 in Spellcasting
 16537 | D:11     | Noticed Amaemon
 16561 | D:11     | Killed Amaemon
 16562 | D:11     | Reached skill level 6 in Slings
 16909 | D:11     | Reached skill level 11 in Dodging
 16909 | D:11     | Reached skill level 4 in Poison Magic
 16985 | D:10     | Reached skill level 5 in Spellcasting
 17195 | D:11     | Noticed a five-headed hydra
 17224 | D:11     | Killed a five-headed hydra
 17241 | D:11     | Noticed a two-headed ogre
 17262 | D:11     | Killed a two-headed ogre
 17263 | D:11     | Reached skill level 6 in Spellcasting
 17371 | D:11     | Reached skill level 5 in Poison Magic
 17440 | D:11     | You pick up a book of Minor Magic and begin reading...
 17440 | D:11     | You add the spells Magic Dart, Call Imp and Mephitic Cloud
                  | to your library.
 17507 | D:11     | Learned a level 3 spell: Mephitic Cloud
 17541 | D:11     | f - the +8 quick blade "Weskium" (weapon) {vorpal, rC+
                  | Dex+4, rare}
 17541 | D:11     | a - the +8 quick blade "Weskium" (weapon) {vorpal, rC+
                  | Dex+4, rare}
 17564 | D:11     | Reached XP level 12. HP: 62/62 MP: 22/22
 17718 | D:11     | Found a staircase to the Orcish Mines.
 17748 | D:11     | Learned a level 4 spell: Olgreb's Toxic Radiance
 18232 | D:11     | Identified the ring "Nepp" {Wiz rF+}
 18275 | D:11     | Reached skill level 12 in Dodging
 18588 | D:11     | You pick up a book of the Dragon and begin reading...
 18588 | D:11     | You add the spells Cause Fear, Dragon Form and Dragon's
                  | Call to your library.
 18738 | D:11     | Noticed a boulder beetle
 19090 | D:11     | Banished a boulder beetle
 19127 | D:11     | Reached skill level 6 in Evocations
 19728 | D:12     | Noticed a boulder beetle
 19741 | D:12     | Killed a boulder beetle
 19742 | D:12     | Reached skill level 11 in Stealth
 19742 | D:12     | Reached skill level 6 in Poison Magic
 20206 | D:12     | Reached skill level 7 in Fighting
 20211 | D:12     | a - the +8 quick blade "Weskium" (weapon) {vorpal, rC+
                  | Dex+4, rare}
 20523 | D:12     | Reached skill level 7 in Evocations
 20523 | D:12     | a - the +8 quick blade "Weskium" (weapon) {vorpal, rC+
                  | Dex+4, rare}
 20742 | D:12     | Noticed Rupert
 20795 | D:12     | a - the +8 quick blade "Weskium" (weapon) {vorpal, rC+
                  | Dex+4, rare}
 20841 | D:12     | Noticed a two-headed ogre
 20863 | D:12     | Killed a two-headed ogre
 21097 | D:12     | Killed Rupert
 21098 | D:12     | Reached skill level 13 in Dodging
 21098 | D:12     | Reached skill level 12 in Stealth
 21382 | Lair:1   | Entered Level 1 of the Lair of Beasts
 21732 | Lair:1   | Learned a level 5 spell: Alistair's Intoxication
 22115 | Lair:1   | Reached skill level 1 in Transmutations
 22164 | Lair:1   | You pick up a book of Air and begin reading...
 22164 | Lair:1   | You add the spells Shock, Swiftness and Airstrike to your
                  | library.
 22313 | Lair:2   | Noticed a six-headed hydra
 22318 | Lair:2   | Found a transporter.
 22320 | Lair:2   | Killed a six-headed hydra
 22321 | Lair:2   | Reached skill level 7 in Poison Magic
 22321 | Lair:2   | Reached skill level 8 in Evocations
 22321 | Lair:2   | Reached XP level 13. HP: 67/67 MP: 23/23
 22338 | Lair:2   | Reached skill level 2 in Transmutations
 22760 | Lair:1   | Reached skill level 3 in Transmutations
 23062 | Lair:2   | Found a transporter.
 23631 | Lair:3   | Reached skill level 4 in Transmutations
 23675 | Lair:3   | Found a frozen archway.
 23683 | IceCv    | Entered an ice cave
 23822 | IceCv    | Reached ****** piety under Lugonu
 23948 | IceCv    | Reached skill level 5 in Transmutations
 23961 | IceCv    | HP: 14/68 [entropy weaver simulacrum (15)]
 24256 | IceCv    | HP: 17/68 [entropy weaver simulacrum (11)]
 24519 | IceCv    | HP: 17/68 [entropy weaver simulacrum (9)]
 24519 | IceCv    | HP: 6/68 [entropy weaver simulacrum (11)]
 24519 | IceCv    | Slain by an entropy weaver simulacrum

Vanquished Creatures
  Rupert (D:12)
  Snorg (D:11)
  A boulder beetle (D:12)
  3 hydras
  4 two-headed ogres
  A deep elf knight (D:11)
  Amaemon (D:11)
  A deep troll (D:11)
  A flayed ghost (D:11)
  An orc knight (D:11)
  A deep elf pyromancer (D:12)
  2 cyclopes
  A guardian serpent (D:11)
  2 ice statues (IceCv)
  Joseph (D:8)
  A rime drake (shapeshifter) (D:11)
  A gargoyle (D:11)
  An orange demon (D:11)
  2 unseen horrors
  A cane toad (Lair:1)
  Psyche (D:8)
  7 komodo dragons
  An ice devil (IceCv)
  A tengu conjurer (D:11)
  A kobold demonologist (D:11)
  3 rime drakes
  3 entropy weaver simulacra (IceCv)
  2 polar bears (Lair:1)
  3 trolls
  A hornet (D:11)
  2 slime creatures (D:12)
  Grinder (D:6)
  2 wraiths
  3 wyverns
  7 yaks
  Grum (D:8)
  A steam dragon (D:8)
  A dire elephant simulacrum (IceCv)
  2 vampire mosquitoes (D:12)
  3 acid dragons
  5 water moccasins
  11 orc warriors
  A sky beast (D:6)
  A black bear (D:10)
  3 ogres
  9 wolves
  5 centaurs
  A phantom (D:4)
  6 kobold brigands
  6 scorpions
  5 gnoll sergeants
  11 bullfrogs
  7 necrophages
  12 wights
  An elephant simulacrum (IceCv)
  23 killer bees
  5 howler monkeys
  2 electric eels (D:10)
  A lava snake (D:10)
  2 orc priests
  6 hounds
  Jessica (D:2)
  Terence (D:2)
  5 iguanas
  9 orc wizards
  A spriggan simulacrum (IceCv)
  A troll simulacrum (IceCv)
  4 adders
  13 gnolls
  A shadow imp (D:7)
  2 white imps
  6 worms
  4 dart slugs
  47 orcs
  10 endoplasms
  3 giant cockroaches (D:1)
  7 goblins
  4 hobgoblins
  3 jackals (D:4)
  3 quokkas
  7 ball pythons
  3 bats
  2 frilled lizards (D:1)
  24 kobolds
  6 rats
364 creatures vanquished.

Vanquished Creatures (others)
  An ufetubus (IceCv)
  A fungus (D:10)
  18 plants
20 creatures vanquished.

Grand Total: 384 creatures vanquished

Table legend:
 A = Non-vault XP
 B = Vault XP
 C = Vault XP percentage of total XP
 D = Non-vault monster count
 E = Vault monster count
 F = Vault count percentage of total count
                 A         B        C        D         E       F
            +---------+---------+-------+---------+---------+-------
      Total |   25674 |   19684 |  43.4 |     283 |      83 |  22.7
            +---------+---------+-------+---------+---------+-------
        D:1 |      43 |       5 |  10.4 |      27 |       3 |  10.0
        D:2 |      48 |      73 |  60.3 |      11 |       2 |  15.4
        D:3 |      28 |       0 |   0.0 |       8 |       0 |   0.0
        D:4 |     646 |      15 |   2.3 |      28 |       3 |   9.7
        D:5 |     240 |      47 |  16.4 |      14 |       2 |  12.5
        D:6 |     791 |     277 |  25.9 |      19 |       2 |   9.5
        D:7 |    2044 |     232 |  10.2 |      43 |       2 |   4.4
        D:8 |    2056 |    1236 |  37.5 |      19 |       5 |  20.8
        D:9 |    2047 |       0 |   0.0 |      39 |       0 |   0.0
       D:10 |    3554 |    1096 |  23.6 |      25 |       8 |  24.2
       D:11 |    2428 |   10307 |  80.9 |      10 |      33 |  76.7
       D:12 |    6422 |    1753 |  21.4 |      19 |       1 |   5.0
     Lair:1 |    2262 |     405 |  15.2 |      13 |       2 |  13.3
     Lair:2 |    1882 |     429 |  18.6 |       6 |       2 |  25.0
     Lair:3 |    1183 |    1271 |  51.8 |       2 |       8 |  80.0
      IceCv |       0 |    2538 | 100.0 |       0 |      10 | 100.0
            +---------+---------+-------+---------+---------+-------

Illustrated notes

Table legend:
 A = Kills in this place as a percentage of kills in entire the game.
 B = Kills by you in this place as a percentage of kills by you in the entire game.
 C = Kills by friends in this place as a percentage of kills by friends in the entire game.
 D = Other kills in this place as a percentage of other kills in the entire game.
 E = Experience gained in this place as a percentage of experience gained in the entire game.
 F = Experience gained in this place divided by the number of levels of this place that you have seen.
                   A       B       C       D       E      F
               +-------+-------+-------+-------+-------+----------------------
         Total | 100.0 | 100.0 |   N/A | 100.0 | 100.0 | 2519.9
       Dungeon |  88.3 |  88.2 |   N/A | 100.0 |  78.0 | 2722.2
          Lair |   9.0 |   9.1 |   N/A |   0.0 |  16.4 | 2477.3
      Ice Cave |   2.7 |   2.7 |   N/A |   0.0 |   5.6 | 2538.0
               +-------+-------+-------+-------+-------+----------------------

Table legend: (Time is in decaauts)
 A = Elapsed time spent in this place.
 B = Non-inter-level travel time spent in this place.
 C = Inter-level travel time spent in this place.
 D = Time resting spent in this place.
 E = Time spent auto-exploring this place.
 F = Levels seen in this place.
 G = Mean time per level.
                   A        B        C        D        E       F      G
               +--------+--------+--------+--------+--------+-----+--------+
         Total |  18945 |  18465 |    480 |   5605 |   9775 |  18 | 1052.5 |
       Dungeon |  16505 |  16045 |    460 |   4763 |   8606 |  13 | 1269.6 |
          Lair |   1651 |   1632 |     19 |    383 |    977 |   3 |  550.3 |
         Abyss |     81 |     81 |      0 |      0 |     74 |   1 |   81.0 |
      Ice Cave |    707 |    707 |      0 |    459 |    117 |   1 |  707.0 |
               +--------+--------+--------+--------+--------+-----+--------+

Top non-repeatable levels by time:
     D:7: 2912 daAuts
    D:11: 2067 daAuts
     D:8: 1692 daAuts
     D:1: 1628 daAuts
    D:12: 1511 daAuts
    D:10: 1417 daAuts
     D:2: 1079 daAuts
  Lair:1: 1001 daAuts
     D:9: 992 daAuts
     D:4: 939 daAuts
     D:6: 828 daAuts
     D:5: 785 daAuts
   IceCv: 707 daAuts
     D:3: 644 daAuts
  Lair:2: 558 daAuts
